AoeStats
← ivcrk826

Arabia

507972810Analyzed
2v2 RM · 12d ago on Sep 20, 2026· 25m 51s· 4 players
Game mode
Random Map
Map size
Medium (4 player)
Population
200
Speed
Normal
Resources
Standard
Victory
Conquest
Starting age
Dark Age
Ending age
Imperial Age
RankedLock teamsTeams togetherTeam positionsShared explorationLock speedFull tech treeHidden civsTurbo modeCheats
Victory
Defeat
🇫🇷 Romans · France
1518
+13
🇫🇷 Ethiopians · France
1496
+14
🇨🇳 Britons · China
1472
-14
🇦🇷 Magyars · Argentina
1447
-13
ivcrk826
6:42 Loom
9:24 Feudal Age
20:34 Double-Bit Axe
王德发
6:35 Loom
9:18 Feudal Age
13:39 Padded Archer Armor
17:17 Fletching
22:46 Castle Age
20:48 Gold Mining
21:05 Double-Bit Axe
22:16 Horse Collar
23:22 Bodkin Arrow
22:48 Crossbowman
23:36 Heavy Plow
23:47 Bow Saw
Valight
6:23 Loom
8:35 Feudal Age
9:20 Double-Bit Axe
15:36 Scale Barding Armor
18:40 Bloodlines
22:49 Castle Age
21:35 Forging
23:52 Chain Barding Armor
23:47 Gold Mining
23:22 Light Cavalry
24:03 Husbandry
25:38 Wheelbarrow
Achille
6:33 Loom
8:45 Feudal Age
12:11 Fletching
18:21 Double-Bit Axe
23:03 Castle Age
21:12 Horse Collar
23:05 Crossbowman
23:41 Bodkin Arrow
Connection lost

Rejoining the realm…

Still unreachable

The connection could not be restored.

Session expired

The server has moved on; the page needs a fresh start.